 Dungeon Crawl Stone Soup version 0.30.1-11-g7821555f0a (webtiles) character file.

Game seed: 3103890853557728559

60 Cheops the Conjurer (level 4, -6/27 HPs)
             Began as an Octopode Hedge Wizard on Dec 3, 2023.
             Mangled by a gnoll
             ... wielding a +0 flail
              (9 damage)
             ... on level 2 of the Dungeon.
             The game lasted 00:08:07 (2797 turns).

Cheops the Conjurer (Octopode Hedge Wizard)         Turns: 2797, Time: 00:08:08

Health: -6/27      AC:  1    Str:  9    XL:     4   Next: 4%
Magic:  3/8        EV: 13    Int: 18    God:
Gold:   146        SH:  0    Dex: 11    Spells: 3/9 levels left

rFire   . . .        a - +0 dagger
rCold   + . .        (no shield)
rNeg    . . .        b - +0 hat
rPois   .            (no amulet)
rElec   .            k - ring of protection from cold
rCorr   .            (no ring)
SInv    .            (no ring)
Will    .....        (no ring)
Stlth   +++          (no ring)
HPRegen 0.24/turn    (no ring)
MPRegen 0.11/turn    (no ring)
                     (no ring)

%: no passive effects
@: no status effects
A: almost no armour, amphibious, 8 rings, camouflage 1, gelatinous body 1,
(nimble swimmer 1), tentacles
a: no special abilities


You were on level 2 of the Dungeon.
You visited 1 branch of the dungeon, and saw 3 of its levels.

You collected 146 gold pieces.

Inventory:

Hand Weapons
 a - a +0 dagger (weapon)
Armour
 b - a +0 hat (worn)
Jewellery
 k - a ring of protection from cold (left tentacle)
 p - an amulet of magic regeneration
Scrolls
 d - a scroll of amnesia {unknown}
 e - 2 scrolls of fear {unknown}
 f - a scroll of magic mapping {unknown}
 h - a scroll of blinking {unknown}
 i - 3 scrolls of identify {unknown}
 l - a scroll of silence {unknown}
 n - a scroll of noise {unknown}
 q - a scroll of torment {unknown}
 s - a scroll of teleportation {unknown}
Potions
 c - a potion of magic
 g - 2 potions of brilliance {unknown}
 j - 3 potions of curing {unknown}
 m - a potion of heal wounds {unknown}
 o - a potion of haste {unknown}
 r - a potion of berserk rage {unknown}
 t - a potion of ambrosia {unknown}
 u - a potion of mutation {unknown}


   Skills:
 - Level 2.0 Dodging
 - Level 2.6 Stealth
 - Level 3.0 Spellcasting
 + Level 3.7 Conjurations
 - Level 1.0 Summonings
 - Level 1.0 Translocations


You had 3 spell levels left.
You knew the following spells:

 Your Spells              Type           Power      Damage    Failure   Level
a - Magic Dart            Conj           64%        1d6       3%          1
i - Call Imp              Summ           12%        N/A       16%         2
m - Mephitic Cloud        Conj/Pois/Air  7%         N/A       28%         3

Your spell library contained the following spells:

 Spells                   Type           Power      Damage    Failure   Level
 Summon Small Mammal      Summ           24%        N/A       11%         1
 Slow                     Hex            8%         N/A       16%         1
 Blink                    Tloc           12%        N/A       16%         2
 Dazzling Flash           Conj/Hex       18%        N/A       22%         3
 Cigotuvi's Dreadful Rot  Necr/Pois/Air  4%         N/A       24%         2
 Call Canine Familiar     Summ           6%         N/A       32%         3
 Summon Guardian Golem    Hex/Summ       4%         N/A       36%         3
 Agony                    Necr           2%         N/A       99%         5
 Silence                  Hex/Air        1%         N/A       99%         5


Dungeon Overview and Level Annotations

Branches:
Dungeon (3/15)

Altars:
Elyvilon

Shops:
D:1 !


Innate Abilities, Weirdness & Mutations

You cannot wear most types of armour.
You are amphibious.
You can wear up to eight rings at the same time.
Your skin changes colour to match your surroundings (Stealth+).
Your rubbery body absorbs attacks. (AC +1, EV +1)
((You are camouflaged when in or above water. (Stealth+)))
You have tentacles for arms and can constrict up to eight enemies at once.


Message History

The gnoll is moderately wounded.
The gnoll misses you.
You climb upwards.
There is a stone staircase leading down here.
Casting: Magic Dart (safe; 3% risk of failure)
Confirm with . or Enter, or press ? or * to list all spells.
Aiming: Magic Dart (safe; 3% risk of failure)
Press: ? - help, Shift-Dir - straight line, f - gnoll
Aim: a gnoll, wielding a +0 flail (moderately wounded, 100% to hit)
The magic dart hits the gnoll but does no damage.
The gnoll is moderately wounded.
The gnoll hits you with a +0 flail.
* * * LOW HITPOINT WARNING * * *
Casting: Magic Dart (safe; 3% risk of failure)
Confirm with . or Enter, or press ? or * to list all spells.
Aiming: Magic Dart (safe; 3% risk of failure)
Press: ? - help, Shift-Dir - straight line, f/p - gnoll
Aim: a gnoll, wielding a +0 flail (moderately wounded, 100% to hit)
The magic dart hits the gnoll.
The gnoll is severely wounded.
The gnoll hits you with a +0 flail.
* * * LOW HITPOINT WARNING * * *
Casting: Magic Dart (safe; 3% risk of failure)
Confirm with . or Enter, or press ? or * to list all spells.
Aiming: Magic Dart (safe; 3% risk of failure)
Press: ? - help, Shift-Dir - straight line, f/p - gnoll
Aim: a gnoll, wielding a +0 flail (severely wounded, 100% to hit)
The magic dart hits the gnoll but does no damage.
The gnoll is severely wounded.
The gnoll hits you with a +0 flail.
* * * LOW HITPOINT WARNING * * *
Casting: Magic Dart (safe; 3% risk of failure)
Confirm with . or Enter, or press ? or * to list all spells.
Aiming: Magic Dart (safe; 3% risk of failure)
Press: ? - help, Shift-Dir - straight line, f/p - gnoll
Aim: a gnoll, wielding a +0 flail (severely wounded, 100% to hit)
The magic dart hits the gnoll.
The gnoll is almost dead.
The gnoll hits you with a +0 flail!
You die...

#.# #.#.# #.# # #.# #.#.#
#.# # #.#
#.#.######.######## #.#
#.#.#.........).... #.#
#.#.#.####.########
##.######.#...# #.# #.
#..(......#..## #.# ##.
##########.g######.######..
#@................
##.#########.##...
###########.# #.#.###
#...........# #.#....
##.########## #.#.###
##.#####.# #.##...
#........# #......
##.#####.# #####.. ### #.#
##.


You could see a gnoll.

Vanquished Creatures
  2 worms (D:2)
  4 dart slugs
  An orc (D:3)
  2 bats
  An endoplasm (D:1)
  4 giant cockroaches
  4 hobgoblins
  4 jackals (D:1)
  4 kobolds
  5 ball pythons
  4 frilled lizards
  3 goblins
  6 rats
44 creatures vanquished.

Notes
Turn   | Place    | Note
-------+----------+-------------------------------------------
     0 | D:1      | Cheops the Octopode Hedge Wizard began the quest for the
                  | Orb.
     0 | D:1      | Reached XP level 1. HP: 11/11 MP: 4/4
   377 | D:1      | Reached XP level 2. HP: 11/17 MP: 0/6
   633 | D:1      | Found Cypsuw's Distillery.
   975 | D:1      | Reached XP level 3. HP: 21/21 MP: 7/7
  2244 | D:2      | Learned a level 2 spell: Call Imp
  2248 | D:2      | Learned a level 3 spell: Mephitic Cloud
  2339 | D:3      | Found a faded altar of an unknown god.
  2520 | D:3      | Reached XP level 4. HP: 21/27 MP: 5/8
  2765 | D:3      | Found a white marble altar of Elyvilon.
  2797 | D:2      | Mangled by a gnoll

Illustrated notes

Levels and vault maps discovered:
D:1:      dpeg_arrival_stonehenge_8_columns, layout_basic, serial_shops,
          nicolae_shop_trees
D:2:      layout_basic, nicolae_titane
D:3:      layout_basic, mainiacjoe_overflow_alcove_1,
          shapermc_ecumenical_altar_notcrosses,
          hangedman_abyss_or_decor_lesser_grid

Skill      XL: |  1  2  3 |
---------------+----------+-----
Conjurations   | 2 3 |  3.7
Dodging        | |  2.0
Stealth        | |  2.6
Spellcasting   | |  3.0
Summonings     | |  1.0
Translocations | |  1.0

Action                     |  1- 3 |  4- 6 || total
---------------------------+-------+-------++-------
  Melee: Dagger            |    45 |       ||    45
         Constrict         |    12 |       ||    12
         Tentacles         |     7 |       ||     7
         Punch             |     1 |       ||     1
   Cast: Magic Dart        |    55 |    11 ||    66
   Stab: Sleeping          |     6 |       ||     6
 Armour: Skin              |     6 |       ||     6
  Dodge: Dodged            |    18 |     1 ||    19
